 Dungeon Crawl Stone Soup version 0.31.0-11-ge490571c62 (webtiles) character file.

Game seed: 5846292451972368987

37 qw the Shooter (level 3, 0/18 HPs)
             Began as a Spriggan Hunter on Feb 3, 2024.
             Slain by a goblin
             ... wielding a +0 dagger
             ... led by Robin
              (6 damage)
             ... on level 2 of the Dungeon.
             The game lasted 00:00:16 (945 turns).

qw the Shooter (Spriggan Hunter)                     Turns: 945, Time: 00:00:17

Health: 0/18       AC:  2    Str:  7    XL:     3   Next: 21%
Magic:  4/4        EV: 19    Int: 10    God:
Gold:   111        SH:  0    Dex: 20    Spells: 2/2 levels left

rFire   . . .        a - +0 shortbow
rCold   . . .        (shield currently unavailable)
rNeg    . . .        c - +0 robe
rPois   .            (helmet restricted)
rElec   .            (no cloak)
rCorr   .            (gloves unavailable)
SInv    +            (boots unavailable)
Will    .....        (no amulet)
Stlth   ++           (no ring)
HPRegen 0.23/turn    (no ring)
MPRegen 0.09/turn

%: no passive effects
@: very quick
A: very small, no large weapons, unfitting armour, see invisible, speed 3
a: no special abilities


You were on level 2 of the Dungeon.
You visited 1 branch of the dungeon, and saw 2 of its levels.

You collected 131 gold pieces.
You spent 20 gold pieces at shops.


Innate Abilities, Weirdness & Mutations

You are very small and have problems with some larger weapons.
You are too small for most types of armour.
You have supernaturally acute eyesight. (SInv)
You cover ground extremely quickly. (Speed+++)


   Skills:
 - Level 1.5 Fighting
 + Level 4.6 Ranged Weapons
 - Level 4.0 Dodging
 - Level 1.5 Stealth


You had 2 spell levels left.
You didn't know any spells.
Your spell library was empty.

Inventory:

Hand Weapons
 a - a +0 shortbow (weapon)
Armour
 c - a +0 robe (worn)
Scrolls
 b - a scroll of identify
 g - 2 scrolls of teleportation
Potions
 d - a potion of attraction {unknown}
 e - a potion of might {unknown}
 f - a potion of haste {unknown}

Dungeon Overview and Level Annotations

Branches:
Dungeon (2/15)

Altars:

Shops:
D:2 *

Annotations:
D:2 Robin


Message History

The hobgoblin misses you.
You shoot an arrow. The arrow hits the hobgoblin.
You kill the hobgoblin!
The goblin misses you. Robin throws the goblin at you!
A goblin comes into view. It is wielding a +0 club.
The goblin completely misses you.
You shoot an arrow. The arrow hits the goblin!
You kill the goblin!
The goblin misses you. The goblin hits you but does no damage.
The goblin misses you.
You shoot an arrow. The arrow hits the goblin.
The goblin is moderately wounded.
The goblin misses you. The goblin barely misses you. The goblin misses you.
You shoot an arrow. The arrow misses the goblin.
The goblin hits you with a +0 dagger.
Robin points. "Kill!"
The goblin closely misses you. The goblin barely misses you.
You shoot an arrow. The arrow hits the goblin!
You kill the goblin!
The goblin misses you. Robin throws the goblin at you!
The goblin barely misses you. x2
You shoot an arrow. The arrow completely misses Robin.
The goblin completely misses you. The goblin hits you with a +0 dagger.
The goblin barely misses you.
You shoot an arrow. The arrow hits Robin.
Robin is moderately wounded.
The goblin misses you. Robin barely misses you.
The goblin completely misses you. The goblin hits you but does no damage.
The goblin closely misses you. The goblin barely misses you.
Robin closely misses you. The goblin closely misses you.
You shoot an arrow.
The arrow hits Robin but does no damage.
Robin is moderately wounded.
The goblin completely misses you. The goblin barely misses you.
Robin closely misses you. The goblin hits you with a +0 dagger.
You shoot an arrow. The arrow hits Robin.
Robin is moderately wounded.
The goblin no longer looks unusually strong. x2
The goblin hits you with a +0 dagger.
You die...

#.#......... .....#
###.....## ...))
###...### .....
.....#### )#.#####.
###..)... #
#..##.##. ##.#... ..
#gg#.#.#. #.....
#.###ggg# #.. #.#...
#...#@# #.#####.##)#
#...g## ##....#.##.#
#.###.##
##.......##.#
#.##.###..#
#...#..####.#
........##.#.##.#..#
#.#
#.#####..##.##.##..#
#.# #.#.###.###..#
#.# ###.##.#.## #..#
#.# .........## #..#


You could see Robin and 5 goblins.

Vanquished Creatures
  3 ball pythons
  3 bats
  2 endoplasms (D:1)
  7 goblins
  4 hobgoblins
  3 jackals (D:1)
  3 frilled lizards (D:1)
  6 kobolds
31 creatures vanquished.

Notes
Turn   | Place    | Note
-------+----------+-------------------------------------------
     0 | D:1      | qw the Spriggan Hunter began the quest for the Orb.
     0 | D:1      | Reached XP level 1. HP: 10/10 MP: 2/2
     0 | D:1      | 0 ||| qw: Version: 0.3-a-155-g5e7d8dd
     0 | D:1      | 0 ||| qw: Game counter: 3496
     0 | D:1      | 0 ||| qw: Melee chars always use a shield: true
     0 | D:1      | 0 ||| qw: God list: Okawaru
     0 | D:1      | 0 ||| qw: Allow faded altars: false
     0 | D:1      | 0 ||| qw: Do Orc after clearing Dungeon:15 true
     0 | D:1      | 0 ||| qw: Do second Lair branch before Depths: true
     0 | D:1      | 0 ||| qw: Lair rune preference: random
     0 | D:1      | 0 ||| qw: Goals: Normal
     0 | D:1      | 0 ||| PLANNING D:1-11
    47 | D:1      | Reached skill level 3 in Dodging
    47 | D:1      | Found a faded altar of an unknown god.
   177 | D:1      | Reached XP level 2. HP: 14/14 MP: 3/3
   371 | D:1      | HP: 2/14 [frozen (5)]
   700 | D:1      | 700 ||| READING scroll labelled LAKKAR CIATZ.
   701 | D:1      | 701 ||| READING 3 scrolls labelled NOILOA YKKUNN.
   704 | D:1      | 704 ||| DROPPING scroll of butterflies.
   718 | D:2      | Found Mavaxtib's General Store.
   732 | D:2      | 732 ||| BUYING scroll of identify (20 gold).
   732 | D:2      | Bought a scroll of identify for 20 gold pieces
   896 | D:2      | Reached XP level 3. HP: 18/18 MP: 4/4
   931 | D:2      | Noticed Robin
   945 | D:2      | Slain by a goblin

Levels and vault maps discovered:
D:1:      erik_arrival_blinker_ship, layout_basic, basic_ecumenical_altar,
          nicolae_houndstooth_variations
D:2:      layout_loops_ring, serial_shops, shop, uniq_robin

Skill      XL: |  1  2 |
---------------+-------+-----
Dodging        | 3 4 |  4.0
Fighting       | |  1.5
Ranged Weapons | |  4.6
Stealth        | |  1.5

Action                     || total
---------------------------++-------
   Fire: Shortbow          ||    71
    Use: Scroll            ||     2
 Armour: Robe              ||    11
  Dodge: Dodged            ||    39

Table legend:
 A = Non-vault XP
 B = Vault XP
 C = Vault XP percentage of total XP
 D = Non-vault monster count
 E = Vault monster count
 F = Vault count percentage of total count
                 A         B        C        D         E       F
            +---------+---------+-------+---------+---------+-------
      Total |      42 |      11 |  20.8 |      25 |       6 |  19.4
            +---------+---------+-------+---------+---------+-------
        D:1 |      34 |       0 |   0.0 |      20 |       0 |   0.0
        D:2 |       8 |      11 |  57.9 |       5 |       6 |  54.5
            +---------+---------+-------+---------+---------+-------
